 Dungeon Crawl Stone Soup version 0.26-a0-774-g1415c89e12 (webtiles) character file.

Game seed: 15799451718015828623

65 Delamore the Shield-Bearer (level 4, 0/29 HPs)
             Began as a Gargoyle Fighter on Nov 9, 2020.
             Killed from afar by a starcursed mass (7 damage)
             ... with an accursed screaming
             ... on level 1 of the Abyss.
             The game lasted 00:01:45 (1159 turns).

Delamore the Shield-Bearer (Gargoyle Fighter)       Turns: 1159, Time: 00:01:45

Health: 0/29       AC: 10    Str: 20    XL:     4   Next: 14%
Magic:  4/4        EV:  7    Int:  9    God:
Gold:   122        SH:  9    Dex:  9    Spells: 3/3 levels left

rFire    . . .     SeeInvis .   a - +0 flail
rCold    . . .     Faith    .   c - +0 kite shield
rNeg     + . .     Spirit   .   b - +0 scale mail
rPois    ∞         Reflect  .   (no helmet)
rElec    +         Harm     .   (no cloak)
rCorr    .         Rampage  .   (no gloves)
MR       .....                  (no boots)
Stlth    ..........             (no amulet)
HPRegen  0.09/turn              (no ring)
MPRegen  0.09/turn              (no ring)

@: no status effects
A: negative energy resistance 1, electricity resistance, unbreathing,
petrification resistance, rot immunity, AC +3
a: no special abilities


You were on level 1 of the Abyss.
You visited 1 branch of the dungeon, and saw 2 of its levels.
You visited the Abyss 1 time.

You collected 122 gold pieces.

Inventory:

Hand Weapons
 a - a +0 flail (weapon)
Armour
 b - a +0 scale mail (worn)
 c - a +0 kite shield (worn)
Jewellery
 f - a cursed -4 ring of dexterity {unknown}
Scrolls
 e - a scroll of teleportation {unknown}
 g - 2 scrolls of identify {unknown}
 h - a scroll of remove curse {unknown}
Potions
 i - a potion of curing {unknown}


   Skills:
 + Level 4.1 Fighting
 + Level 2.9 Maces & Flails
 - Level 3.2 Armour
 + Level 4.1 Shields


You had 3 spell levels left.
You didn't know any spells.
Your spell library was empty.

Dungeon Overview and Level Annotations

Branches:
Dungeon (2/15)

Altars:

Annotations:
D:2 Sigmund


Innate Abilities, Weirdness & Mutations

You are resistant to torment.
Your stone body is resilient. (AC +3)
You are immune to poison.
You resist negative energy. (rN+)
You are resistant to electric shocks. (rElec)
You can survive without breathing.
You are immune to petrification.
You are immune to rotting.


Message History

The ancient zyme hits you. The ancient zyme closely misses you.
The ancient zyme hits you but does no damage.
You block the ancient zyme's attack.
You feel a little less mighty now.
You are suddenly pulled into a different region of the Abyss!
You enter the shallow water.
Moving in this stuff is going to be slow.
A starcursed mass comes into view.
A starcursed mass splits.
A starcursed mass splits.
A starcursed mass splits.
A starcursed mass splits.
A chorus of shrieks assaults your mind. A chorus of shrieks assaults your mind.
* * * LOW HITPOINT WARNING * * *
Found a basalt altar of Yredelemnul.
A starcursed mass splits.
Found 37 gold pieces.
A chorus of shrieks assaults your mind.
You die...

$### ###... .
....# . .#.
##.#.# #. ..#
....# .###..#
##..##......#
#.@..#....#
#..###.#...#
.... #.#.#.#
.##. ####XX#
## #
#####.#.#.. .#
....##..##...
#.##.X#.##.#.#
≈≈≈ #...## ..#
≈≈≈≈
#.#.#X##.##≈
≈≈≈.


You could see 2 starcursed masses.

Vanquished Creatures
  An adder (D:2)
  An ooze (D:1)
  A worm (D:2)
  2 dart slugs (D:1)
  A leopard gecko (D:1)
  A ball python (D:1)
  3 giant cockroaches (D:1)
  3 hobgoblins (D:1)
  7 jackals
  5 bats (D:1)
  A frilled lizard (D:1)
  4 goblins
  6 kobolds
  7 rats
43 creatures vanquished.

Vanquished Creatures (others)
  4 toadstools (D:1)
4 creatures vanquished.

Grand Total: 47 creatures vanquished

Notes
Turn   | Place    | Note
-------+----------+-------------------------------------------
     0 | D:1      | Delamore the Gargoyle Fighter began the quest for the Orb.
     0 | D:1      | Reached XP level 1. HP: 14/14 MP: 1/1
    42 | D:1      | Reached XP level 2. HP: 13/19 MP: 2/2
   317 | D:1      | Reached XP level 3. HP: 24/24 MP: 3/3
   818 | D:2      | Reached XP level 4. HP: 14/29 MP: 4/4
  1047 | D:2      | Noticed Sigmund
  1057 | D:2      | Cast into level 1 of the Abyss (Sigmund)
  1102 | Abyss:1  | Noticed an ancient zyme
  1146 | Abyss:1  | Noticed a starcursed mass
  1154 | Abyss:1  | Found a basalt altar of Yredelemnul.
  1159 | Abyss:1  | Killed from afar by a starcursed mass

Illustrated notes

Levels and vault maps discovered:
D:1:      ldierk_water_garden, layout_basic
D:2:      layout_basic, nicolae_dithmenos_shadow_blocks, lemuel_round_altar,
          uniq_sigmund
Abyss:1:  base: D:2, minivault_4, due_exit_kobolds

Skill      XL: |  1  2  3 |
---------------+----------+-----
Fighting       | 4 |  4.1
Shields        | 4 |  4.1
Maces & Flails | |  2.9
Armour         | |  3.2

Action                   |  1- 3 |  4- 6 || total
-------------------------+-------+-------++-------
Melee: Flail             |   170 |    16 ||   186
  Use: Potion            |       |     1 ||     1
Armor: Scale mail        |   174 |    15 ||   189
Dodge: Dodged            |   102 |     8 ||   110
Block: Kite shield       |   150 |     9 ||   159

Table legend: (Time is in decaauts)
 A = Elapsed time spent in this place.
 B = Non-inter-level travel time spent in this place.
 C = Inter-level travel time spent in this place.
 D = Time resting spent in this place.
 E = Time spent auto-exploring this place.
 F = Levels seen in this place.
 G = Mean time per level.
                   A        B        C        D        E       F      G
               +--------+--------+--------+--------+--------+-----+--------+
         Total |   1225 |   1192 |     33 |     14 |    728 |   3 |  408.3 |
       Dungeon |   1122 |   1089 |     33 |     14 |    728 |   2 |  561.0 |
         Abyss |    102 |    102 |      0 |      0 |      0 |   1 |  102.0 |
               +--------+--------+--------+--------+--------+-----+--------+

Top non-repeatable levels by time:
     D:1: 851 daAuts
     D:2: 271 daAuts
 Abyss:1: 102 daAuts
